 Dungeon Crawl Stone Soup version 0.29.0-13-gc9e81de378 (webtiles) character file.

Game seed: 13035707809771476450

37 blackman the Insei (level 3, -5/29 HPs)
             Began as a Demigod Warper on Sept 10, 2022.
             Slain by a gnoll
             ... wielding a +0 club
              (6 damage)
             ... on level 2 of the Dungeon.
             The game lasted 00:04:37 (1885 turns).

blackman the Insei (Demigod Warper)                 Turns: 1885, Time: 00:04:37

Health: -5/29      AC:  3    Str: 12    XL:     3   Next: 8%
Magic:  8/8        EV: 11    Int: 19    God:
Gold:   40         SH:  0    Dex: 13    Spells: 5/5 levels left

rFire   . . .      SeeInvis .     - Unarmed
rCold   . . .      Faith    .   (no shield)
rNeg    . . .      Spirit   .   a - +0 leather armour
rPois   .          Reflect  .   (no helmet)
rElec   .          Harm     .   (no cloak)
rCorr   .          Rampage  .   (no gloves)
Will    .....                   (no boots)
Stlth   +.........              (no amulet)
HPRegen 0.09/turn               (no ring)
MPRegen 0.11/turn               (no ring)

@: brilliant, attractive
A: high MP 1, forlorn, divine attributes
a: no special abilities


You were on level 2 of the Dungeon.
You visited 1 branch of the dungeon, and saw 2 of its levels.

You collected 40 gold pieces.

Inventory:

Armour
 a - a +0 leather armour (worn)
Scrolls
 e - a scroll of torment {unknown}
 f - a scroll of vulnerability {unknown}
 g - a scroll of immolation {unknown}


   Skills:
 - Level 1.7 Fighting
 - Level 0.8 Throwing
 - Level 0.8 Armour
 - Level 1.7 Dodging
 + Level 3.4 Unarmed Combat
 - Level 1.7 Spellcasting
 - Level 2.6 Translocations


You had 5 spell levels left.
You didn't know any spells.
Your spell library contained the following spells:

 Spells                   Type           Power      Damage    Failure   Level
 Blink                    Tloc           34%        N/A       11%         2
 Gell's Gravitas          Tloc           17%        N/A       22%         3
 Lesser Beckoning         Tloc           17%        N/A       22%         3
 Teleport Other           Tloc           17%        N/A       22%         3
 Portal Projectile        Hex/Tloc       20%        N/A       36%         3
 Manifold Assault         Tloc           17%        N/A       90%         5
 Cause Fear               Hex            1%         N/A       91%         4
 Corpse Rot               Necr/Pois/Air  2%         N/A       91%         4
 Simulacrum               Ice/Necr       1%         N/A       100%        6


Dungeon Overview and Level Annotations

Branches:
Dungeon (2/15)


Innate Abilities, Weirdness & Mutations

You have an increased reservoir of magic. (+10% MP)
You shall have no god before yourself.
Your divine heritage dramatically boosts your attributes as you level up.


Message History

Aim: a gnoll, wielding a +0 club (60% to hit)
You throw a boomerang of dispersal.
The boomerang of dispersal hits the gnoll.
The gnoll blinks!
The gnoll is lightly wounded.
The gnoll hits you with a +0 club.
* * * LOW HITPOINT WARNING * * *
The gnoll is attracted toward you.
Throw: 3 boomerangs (disperse)
Press: ? - help, Shift-Dir - straight line, f/p - gnoll
Aim: a gnoll, wielding a +0 club (lightly wounded, 60% to hit)
You throw a boomerang of dispersal.
The boomerang of dispersal hits the gnoll.
The gnoll blinks!
The gnoll is heavily wounded.
The gnoll is attracted toward you.
Blink to where?
Press: ? - help, Dir - move target, p - gnoll
As you read the scroll of blinking, it crumbles to dust.
The endoplasm is attracted toward you.
Throw: 2 boomerangs (disperse)
Press: ? - help, Shift-Dir - straight line, f - endoplasm
Aim: an endoplasm (85% to hit)
You throw a boomerang of dispersal.
The boomerang of dispersal hits the endoplasm!
The endoplasm blinks!
You feel a bit more experienced. The gnoll is attracted toward you.
Throw: boomerang (disperse)
Press: ? - help, Shift-Dir - straight line, f - gnoll
Aim: a gnoll, wielding a +0 club (lightly wounded, 60% to hit)
You throw a boomerang of dispersal.
The boomerang of dispersal barely misses the gnoll.
The gnoll is attracted toward you.
You have nothing you can fire or use right now.
Unknown command.
Unknown command.
You hit the gnoll but do no damage.
The gnoll is lightly wounded.
The gnoll hits you with a +0 club.
You die...

#.# #.# #.# #.#
###.## #########
#....# ........#
#.####
?.......##########.#
....>§..)§....§g@..#
.......g############
......g.# ...[§...#
........# ..##.####
. #. . ..


You could see a gnoll.

Vanquished Creatures
  A gnoll (D:2)
  A dart slug (D:1)
  2 bats (D:1)
  3 endoplasms
  A giant cockroach (D:1)
  2 goblins
  3 hobgoblins (D:1)
  2 kobolds (D:1)
  A quokka (D:1)
  2 ball pythons (D:1)
  3 frilled lizards (D:1)
  3 rats (D:1)
24 creatures vanquished.

Notes
Turn   | Place    | Note
-------+----------+-------------------------------------------
     0 | D:1      | blackman the Demigod Warper began the quest for the Orb.
     0 | D:1      | Reached XP level 1. HP: 17/17 MP: 5/5
    56 | D:1      | Got the Grimoire of Iniquitous Deeds and the Oath
   149 | D:1      | Reached skill level 2 in Unarmed Combat
   652 | D:1      | Reached XP level 2. HP: 24/24 MP: 7/7
  1385 | D:1      | Reached skill level 3 in Unarmed Combat
  1875 | D:2      | Reached XP level 3. HP: 7/29 MP: 8/8
  1880 | D:2      | HP: 1/29 [gnoll/+0 club (3)]
  1885 | D:2      | Slain by a gnoll

Illustrated notes

Levels and vault maps discovered:
D:1:      saegor_arrival_under_anarchy, layout_basic, minivault_14,
          patterned_corridor
D:2:      layout_basic

Skill      XL: |  1  2 |
---------------+-------+-----
Unarmed Combat | 2 3 |  3.4
Fighting       | |  1.7
Throwing       | |  0.8
Armour         | |  0.8
Dodging        | |  1.7
Spellcasting   | |  1.7
Translocations | |  2.6

Action                   || total
-------------------------++-------
Melee: Unarmed           ||    96
       Punch             ||     3
Throw: Boomerang         ||     7
  Use: Potion            ||     2
       Scroll            ||     1
Armor: Leather armour    ||    20
Dodge: Dodged            ||    55
